[ PARTIDA AOE2 · #494424089 ]
UnrankedEslavos vs Poles
[ ANÁLISIS DE REPETICIÓN · EXTRAÍDO DE LA PARTIDA GRABADA ]
Feudal
10:48
Castillos
16:21
Imperial
32:30
| APM promedio | 18.9 |
| APM pico | 44 |
| eAPM promedio | 14.5 |
| Aldeanos / militares | 166 / 310 |
Foco
⚔️ 25.8% · 🌾 74.2%
Boyar ×195 · Militia ×60 · Spearman ×50 · Trebuchet (Packed) ×3 · Monk ×2
Feudal
11:25
Castillos
15:20
Imperial
30:04
| APM promedio | 18.0 |
| APM pico | 59 |
| eAPM promedio | 12.2 |
| Aldeanos / militares | 143 / 344 |
Foco
⚔️ 30.0% · 🌾 70.0%
Knight ×309 · Scout Cavalry ×25 · Trebuchet (Packed) ×8 · Mangonel ×1 · Scorpion ×1
Feudal
13:37
Castillos
17:32
Imperial
30:18
| APM promedio | 46.5 |
| APM pico | 98 |
| eAPM promedio | 29.8 |
| Aldeanos / militares | 159 / 431 |
Foco
⚔️ 47.5% · 🌾 52.5%
Tarkan ×247 · Scout Cavalry ×182 · Monk ×2
Feudal
10:59
Castillos
15:58
Imperial
36:42
| APM promedio | 18.6 |
| APM pico | 51 |
| eAPM promedio | 12.1 |
| Aldeanos / militares | 133 / 75 |
Foco
⚔️ 25.6% · 🌾 74.4%
Spearman ×59 · Mangonel ×7 · Battering Ram ×6 · Militia ×3
Feudal
8:29
Castillos
25:57
Imperial
43:42
| APM promedio | 20.6 |
| APM pico | 67 |
| eAPM promedio | 14.2 |
| Aldeanos / militares | 153 / 155 |
Foco
⚔️ 27.0% · 🌾 73.0%
Elephant Archer ×103 · Armored Elephant ×25 · Ratha (Ranged) ×15 · Trebuchet (Packed) ×7 · Mangonel ×5
Feudal
9:19
Castillos
25:02
Imperial
32:12
| APM promedio | 44.6 |
| APM pico | 81 |
| eAPM promedio | 28.9 |
| Aldeanos / militares | 118 / 357 |
Foco
⚔️ 50.9% · 🌾 49.1%
Spearman ×234 · Skirmisher ×58 · Hand Cannoneer ×45 · Archer ×12 · Bombard Cannon ×4 · Monk ×2
Feudal
9:18
Castillos
21:44
Imperial
39:24
| APM promedio | 31.6 |
| APM pico | 86 |
| eAPM promedio | 23.8 |
| Aldeanos / militares | 121 / 330 |
Foco
⚔️ 41.5% · 🌾 58.5%
Fire Lancer ×286 · Petard ×31 · Battering Ram ×13
Feudal
11:40
Castillos
15:35
Imperial
—
| APM promedio | 21.9 |
| APM pico | 67 |
| eAPM promedio | 12.4 |
| Aldeanos / militares | 254 / 121 |
Foco
⚔️ 24.1% · 🌾 75.9%
Mangudai ×81 · Camel Scout ×40
Mapa de la partida
Recursos iniciales + cada clic de construcción. Líneas = muros · curvas = relieve. ◆ oro · ⬟ piedra · ● bayas · ✦ reliquia · ◌ hueco del cierre
Tu base· ✓ Cerrada en 16:21 · 0t muro · 3 puerta(s)
Base de commandokris· ✓ Cerrada en 15:20 · 0t muro · 2 puerta(s)
Base de CTM | Benja FC· ✓ Cerrada en 17:32 · 0t muro · 2 puerta(s)
Base de Lord_Ermack· ✓ Cerrada en 15:58 · 17t muro · 3 puerta(s)
Base de Matasariano9065· ✓ Cerrada en 25:57 · 1t muro · 5 puerta(s)
Base de SlopMasta· ✓ Cerrada en 25:02 · 4t muro · 2 puerta(s)
Base de PSX | King· ✓ Cerrada en 21:44 · 1t muro · 2 puerta(s)
Base de Mr. Curse· ✓ Cerrada en 15:35 · 0t muro · 3 puerta(s)
Terreno inicial suavizado · ◌ = hueco del cierre detectado · pasá el cursor para detalles
Inputs por minuto
— CTM | Franco* - - commandokris
Build order — CTM | Franco*
Primeras 150 de 443 acciones detectadas
| 0:02 | Crear | Villager (Male) |
| 0:03 | Crear | Villager (Male) |
| 0:03 | Crear | Villager (Male) |
| 0:03 | Crear | Villager (Male) |
| 0:03 | Crear | Villager (Male) |
| 0:03 | Crear | Villager (Male) |
| 0:06 | Construir | House |
| 0:08 | Construir | House |
| 1:34 | Crear | Villager (Male) |
| 1:34 | Crear | Villager (Male) |
| 2:07 | Crear | Villager (Male) |
| 2:24 | Crear | Villager (Male) |
| 2:25 | Crear | Villager (Male) |
| 2:53 | Construir | House |
| 2:55 | Construir | House |
| 3:13 | Crear | Villager (Male) |
| 3:13 | Crear | Villager (Male) |
| 3:18 | Construir | Lumber Camp |
| 3:18 | Crear | Villager (Male) |
| 3:19 | Crear | Villager (Male) |
| 3:57 | Crear | Villager (Male) |
| 3:57 | Crear | Villager (Male) |
| 4:17 | Crear | Villager (Male) |
| 4:17 | Crear | Villager (Male) |
| 4:18 | Crear | Villager (Male) |
| 4:42 | Crear | Villager (Male) |
| 5:34 | Crear | Villager (Male) |
| 5:41 | Crear | Villager (Male) |
| 5:42 | Crear | Villager (Male) |
| 5:52 | Construir | Mill |
| 6:11 | Crear | Villager (Male) |
| 6:27 | Crear | Villager (Male) |
| 6:43 | Crear | Villager (Male) |
| 7:25 | Crear | Villager (Male) |
| 7:32 | Construir | Mining Camp |
| 8:09 | Crear | Villager (Male) |
| 8:25 | Investigar | Feudal Age |
| 8:59 | Investigar | Loom |
| 9:00 | Crear | Villager (Male) |
| 9:00 | Crear | Villager (Male) |
| 9:32 | Construir | House |
| 9:34 | Construir | House |
| 10:48 | Edad | Edad Feudal |
| 11:05 | Construir | Market |
| 11:11 | Construir | Blacksmith |
| 12:10 | Crear | Villager (Male) |
| 12:34 | Construir | Farm |
| 12:35 | Construir | Farm |
| 12:38 | Construir | Farm |
| 12:46 | Construir | Farm |
| 12:50 | Construir | Farm |
| 13:41 | Investigar | Castle Age |
| 14:05 | Construir | Farm |
| 14:10 | Construir | Farm |
| 14:16 | Investigar | Double-Bit Axe |
| 14:45 | Investigar | Horse Collar |
| 14:54 | Investigar | Gold Mining |
| 15:39 | Construir | House |
| 15:41 | Construir | House |
| 16:08 | Investigar | Stone Mining |
| 16:08 | Crear | Villager (Male) |
| 16:09 | Crear | Villager (Male) |
| 16:21 | Edad | Edad de los Castillos |
| 16:25 | Construir | Monastery |
| 16:26 | Crear | Villager (Male) |
| 16:32 | Construir | Town Center |
| 16:55 | Investigar | Bow Saw |
| 16:58 | Construir | House |
| 16:59 | Construir | House |
| 17:00 | Construir | House |
| 17:19 | Crear | Villager (Male) |
| 17:24 | Crear | Monk |
| 17:25 | Crear | Monk |
| 17:37 | Crear | Villager (Male) |
| 17:44 | Construir | Farm |
| 18:22 | Crear | Villager (Male) |
| 18:23 | Crear | Villager (Male) |
| 18:23 | Crear | Villager (Male) |
| 18:23 | Crear | Villager (Male) |
| 18:26 | Construir | Farm |
| 18:46 | Crear | Villager (Male) |
| 18:50 | Construir | House |
| 18:51 | Construir | House |
| 18:52 | Construir | House |
| 18:55 | Crear | Villager (Male) |
| 19:05 | Construir | Town Center |
| 19:39 | Crear | Villager (Male) |
| 19:40 | Crear | Villager (Male) |
| 19:40 | Crear | Villager (Male) |
| 19:56 | Construir | Town Center |
| 19:57 | Crear | Villager (Male) |
| 19:57 | Crear | Villager (Male) |
| 20:05 | Construir | Farm |
| 20:06 | Construir | Farm |
| 20:07 | Construir | Farm |
| 20:10 | Construir | Farm |
| 20:11 | Crear | Villager (Male) |
| 20:11 | Crear | Villager (Male) |
| 20:11 | Crear | Villager (Male) |
| 20:22 | Construir | Farm |
| 20:29 | Construir | House |
| 20:29 | Construir | House |
| 20:30 | Construir | House |
| 20:33 | Crear | Villager (Male) |
| 20:51 | Construir | Farm |
| 20:53 | Crear | Villager (Male) |
| 20:54 | Crear | Villager (Male) |
| 21:01 | Crear | Villager (Male) |
| 21:07 | Construir | Farm |
| 21:09 | Construir | Farm |
| 21:10 | Construir | Farm |
| 21:14 | Construir | Farm |
| 21:15 | Crear | Villager (Male) |
| 21:15 | Crear | Villager (Male) |
| 21:23 | Crear | Villager (Male) |
| 21:26 | Crear | Villager (Male) |
| 21:26 | Crear | Villager (Male) |
| 21:34 | Construir | Farm |
| 21:43 | Crear | Villager (Male) |
| 21:43 | Crear | Villager (Male) |
| 21:48 | Crear | Villager (Male) |
| 21:49 | Crear | Villager (Male) |
| 22:02 | Crear | Villager (Male) |
| 22:03 | Crear | Villager (Male) |
| 22:07 | Construir | Farm |
| 22:07 | Crear | Villager (Male) |
| 22:08 | Crear | Villager (Male) |
| 22:10 | Construir | House |
| 22:15 | Crear | Villager (Male) |
| 22:17 | Crear | Villager (Male) |
| 22:26 | Construir | Farm |
| 22:28 | Crear | Villager (Male) |
| 22:29 | Crear | Villager (Male) |
| 22:35 | Crear | Villager (Male) |
| 22:36 | Crear | Villager (Male) |
| 22:36 | Crear | Villager (Male) |
| 22:36 | Crear | Villager (Male) |
| 22:37 | Crear | Villager (Male) |
| 22:40 | Construir | Farm |
| 22:43 | Crear | Villager (Male) |
| 22:49 | Construir | House |
| 22:50 | Construir | House |
| 22:51 | Construir | House |
| 22:52 | Construir | House |
| 22:53 | Crear | Villager (Male) |
| 22:53 | Crear | Villager (Male) |
| 22:57 | Crear | Villager (Male) |
| 23:05 | Construir | Farm |
| 23:07 | Construir | Farm |
| 23:07 | Crear | Villager (Male) |
Build order — commandokris
Primeras 150 de 348 acciones detectadas
| 0:04 | Crear | Villager (Male) |
| 0:04 | Crear | Villager (Male) |
| 0:04 | Crear | Villager (Male) |
| 0:06 | Construir | House |
| 0:08 | Construir | House |
| 1:20 | Crear | Villager (Male) |
| 1:21 | Crear | Villager (Male) |
| 1:35 | Crear | Villager (Male) |
| 1:35 | Crear | Villager (Male) |
| 1:35 | Crear | Villager (Male) |
| 1:48 | Construir | Lumber Camp |
| 2:07 | Crear | Villager (Male) |
| 2:08 | Crear | Villager (Male) |
| 2:40 | Crear | Villager (Male) |
| 2:40 | Crear | Villager (Male) |
| 3:18 | Crear | Villager (Male) |
| 3:18 | Crear | Villager (Male) |
| 3:18 | Crear | Villager (Male) |
| 3:19 | Crear | Villager (Male) |
| 3:46 | Construir | House |
| 3:59 | Crear | Villager (Male) |
| 3:59 | Crear | Villager (Male) |
| 3:59 | Crear | Villager (Male) |
| 4:20 | Construir | Mill |
| 5:05 | Crear | Villager (Male) |
| 5:05 | Crear | Villager (Male) |
| 5:05 | Crear | Villager (Male) |
| 5:05 | Crear | Villager (Male) |
| 5:06 | Crear | Villager (Male) |
| 5:51 | Crear | Villager (Male) |
| 5:51 | Crear | Villager (Male) |
| 5:51 | Crear | Villager (Male) |
| 6:33 | Crear | Villager (Male) |
| 6:33 | Crear | Villager (Male) |
| 6:43 | Crear | Villager (Male) |
| 6:43 | Crear | Villager (Male) |
| 6:43 | Crear | Villager (Male) |
| 6:44 | Crear | Villager (Male) |
| 6:44 | Crear | Villager (Male) |
| 6:44 | Crear | Villager (Male) |
| 7:14 | Crear | Villager (Male) |
| 7:18 | Crear | Villager (Male) |
| 8:58 | Construir | Mining Camp |
| 9:07 | Investigar | Feudal Age |
| 9:33 | Crear | Villager (Male) |
| 9:33 | Crear | Villager (Male) |
| 9:33 | Crear | Villager (Male) |
| 9:34 | Crear | Villager (Male) |
| 10:49 | Construir | House |
| 10:53 | Construir | House |
| 11:25 | Edad | Edad Feudal |
| 11:26 | Construir | Market |
| 11:28 | Construir | Blacksmith |
| 12:34 | Investigar | Castle Age |
| 12:48 | Construir | House |
| 12:54 | Construir | House |
| 12:55 | Construir | House |
| 13:03 | Investigar | Horse Collar |
| 13:20 | Construir | Farm |
| 13:20 | Construir | Farm |
| 13:21 | Construir | Farm |
| 13:21 | Construir | Farm |
| 13:21 | Construir | Farm |
| 13:21 | Construir | Farm |
| 13:23 | Construir | Farm |
| 13:26 | Construir | Farm |
| 13:33 | Investigar | Double-Bit Axe |
| 14:57 | Crear | Villager (Male) |
| 14:58 | Crear | Villager (Male) |
| 15:20 | Edad | Edad de los Castillos |
| 15:24 | Construir | Siege Workshop |
| 15:31 | Investigar | Heavy Plow |
| 15:35 | Investigar | Bow Saw |
| 16:09 | Construir | Mill |
| 16:11 | Crear | Mangonel |
| 16:21 | Crear | Villager (Male) |
| 16:22 | Crear | Villager (Male) |
| 16:43 | Crear | Scorpion |
| 17:00 | Construir | Barracks |
| 17:09 | Investigar | Loom |
| 17:11 | Crear | Villager (Male) |
| 17:11 | Crear | Villager (Male) |
| 17:11 | Crear | Villager (Male) |
| 17:11 | Crear | Villager (Male) |
| 17:37 | Construir | Mill |
| 17:44 | Construir | Town Center |
| 18:35 | Crear | Villager (Male) |
| 19:11 | Crear | Villager (Male) |
| 19:11 | Crear | Villager (Male) |
| 19:11 | Crear | Villager (Male) |
| 19:20 | Construir | Town Center |
| 19:43 | Crear | Villager (Male) |
| 19:44 | Crear | Villager (Male) |
| 20:11 | Crear | Villager (Male) |
| 20:11 | Crear | Villager (Male) |
| 20:12 | Crear | Villager (Male) |
| 20:21 | Construir | Town Center |
| 20:25 | Crear | Villager (Male) |
| 20:26 | Crear | Villager (Male) |
| 20:57 | Investigar | Stone Mining |
| 21:00 | Crear | Villager (Male) ×2 |
| 21:20 | Construir | Lumber Camp |
| 21:25 | Construir | Farm |
| 21:30 | Construir | Mill |
| 21:32 | Construir | Farm |
| 21:32 | Construir | Farm |
| 21:32 | Construir | Farm |
| 21:37 | Crear | Villager (Male) ×4 |
| 22:02 | Crear | Villager (Male) ×2 |
| 22:09 | Crear | Villager (Male) |
| 22:09 | Crear | Villager (Male) |
| 22:09 | Crear | Villager (Male) |
| 22:09 | Crear | Villager (Male) |
| 22:12 | Construir | Farm |
| 22:12 | Construir | Farm |
| 22:12 | Construir | Farm |
| 22:12 | Construir | Farm |
| 22:13 | Construir | Farm |
| 22:13 | Construir | Farm |
| 22:29 | Crear | Villager (Male) |
| 22:30 | Crear | Villager (Male) |
| 22:30 | Crear | Villager (Male) |
| 22:30 | Crear | Villager (Male) |
| 22:48 | Construir | Farm |
| 22:50 | Construir | Mill |
| 22:56 | Construir | Farm |
| 22:57 | Construir | Farm |
| 22:57 | Construir | Farm |
| 22:57 | Construir | Farm |
| 22:57 | Construir | Farm |
| 22:58 | Construir | Farm |
| 23:02 | Crear | Villager (Male) ×4 |
| 23:03 | Crear | Villager (Male) ×4 |
| 23:22 | Construir | Farm |
| 23:23 | Construir | Mill |
| 23:25 | Construir | Farm |
| 23:25 | Construir | Farm |
| 23:26 | Construir | Farm |
| 23:26 | Construir | Farm |
| 23:26 | Construir | Farm |
| 23:26 | Construir | Farm |
| 23:31 | Crear | Villager (Male) ×5 |
| 23:31 | Crear | Villager (Male) ×5 |
| 23:46 | Crear | Villager (Male) ×3 |
| 24:10 | Investigar | Wheelbarrow |
| 24:11 | Crear | Villager (Male) ×3 |
| 24:27 | Construir | Farm |
| 24:27 | Construir | Farm |
| 24:27 | Construir | Farm |
| 24:27 | Construir | Farm |
Build order — CTM | Benja FC
Primeras 150 de 775 acciones detectadas
| 0:01 | Crear | Villager (Male) |
| 0:23 | Crear | Villager (Male) |
| 0:28 | Crear | Villager (Male) |
| 0:28 | Crear | Villager (Male) |
| 1:26 | Crear | Villager (Male) |
| 2:15 | Crear | Villager (Male) |
| 2:15 | Crear | Villager (Male) |
| 2:16 | Crear | Villager (Male) |
| 2:19 | Crear | Villager (Male) |
| 2:20 | Crear | Villager (Male) |
| 2:21 | Construir | Lumber Camp |
| 3:13 | Crear | Villager (Male) |
| 3:13 | Crear | Villager (Male) |
| 3:14 | Crear | Villager (Male) |
| 3:48 | Crear | Villager (Male) |
| 3:48 | Crear | Villager (Male) |
| 3:48 | Crear | Villager (Male) |
| 4:06 | Crear | Villager (Male) |
| 4:07 | Crear | Villager (Male) |
| 4:33 | Crear | Villager (Male) |
| 4:57 | Crear | Villager (Male) |
| 4:57 | Crear | Villager (Male) |
| 4:58 | Crear | Villager (Male) |
| 5:25 | Crear | Villager (Male) |
| 5:29 | Crear | Villager (Male) |
| 5:29 | Crear | Villager (Male) |
| 5:40 | Crear | Villager (Male) |
| 6:07 | Construir | Mill |
| 7:08 | Construir | Farm |
| 7:15 | Construir | Farm |
| 7:22 | Construir | Farm |
| 7:24 | Crear | Villager (Male) |
| 7:34 | Construir | Farm |
| 7:59 | Construir | Lumber Camp |
| 8:07 | Crear | Villager (Male) |
| 8:17 | Crear | Villager (Male) |
| 8:34 | Crear | Villager (Male) |
| 8:54 | Crear | Villager (Male) |
| 9:25 | Crear | Villager (Male) |
| 9:28 | Crear | Villager (Male) |
| 9:28 | Crear | Villager (Male) |
| 9:29 | Crear | Villager (Male) |
| 9:44 | Crear | Villager (Male) |
| 10:14 | Construir | Farm |
| 11:08 | Construir | Mining Camp |
| 11:23 | Investigar | Feudal Age |
| 12:08 | Crear | Villager (Male) |
| 12:08 | Crear | Villager (Male) |
| 12:08 | Crear | Villager (Male) |
| 12:34 | Construir | Farm |
| 12:38 | Construir | Farm |
| 12:41 | Construir | Farm |
| 12:44 | Construir | Farm |
| 12:45 | Construir | Farm |
| 12:49 | Construir | Farm |
| 12:51 | Construir | Farm |
| 12:52 | Construir | Farm |
| 13:37 | Edad | Edad Feudal |
| 13:41 | Construir | Market |
| 13:45 | Construir | Market |
| 13:50 | Construir | Blacksmith |
| 14:52 | Investigar | Castle Age |
| 15:11 | Investigar | Double-Bit Axe |
| 15:13 | Investigar | Horse Collar |
| 17:32 | Edad | Edad de los Castillos |
| 17:35 | Crear | Villager (Male) |
| 17:38 | Construir | Town Center |
| 17:40 | Construir | Town Center |
| 17:45 | Investigar | Heavy Plow |
| 17:49 | Investigar | Bow Saw |
| 18:12 | Crear | Villager (Male) |
| 18:12 | Crear | Villager (Male) |
| 18:38 | Crear | Villager (Male) |
| 18:40 | Crear | Villager (Male) |
| 18:43 | Crear | Villager (Male) |
| 18:44 | Crear | Villager (Male) |
| 18:45 | Crear | Villager (Male) |
| 18:46 | Crear | Villager (Male) |
| 18:50 | Construir | Town Center |
| 19:09 | Construir | Farm |
| 19:13 | Crear | Villager (Male) |
| 19:14 | Crear | Villager (Male) |
| 19:16 | Crear | Villager (Male) |
| 19:28 | Construir | Farm |
| 19:30 | Crear | Villager (Male) |
| 19:30 | Crear | Villager (Male) |
| 19:32 | Crear | Villager (Male) |
| 19:43 | Crear | Villager (Male) |
| 19:44 | Crear | Villager (Male) |
| 19:49 | Construir | Farm |
| 19:53 | Construir | Farm |
| 19:59 | Crear | Villager (Male) |
| 20:01 | Crear | Villager (Male) |
| 20:11 | Construir | Farm |
| 20:13 | Crear | Villager (Male) |
| 20:14 | Crear | Villager (Male) |
| 20:21 | Crear | Villager (Male) |
| 20:22 | Crear | Villager (Male) |
| 20:27 | Construir | Farm |
| 20:29 | Crear | Villager (Male) |
| 20:33 | Construir | Farm |
| 20:34 | Crear | Villager (Male) |
| 20:40 | Crear | Villager (Male) |
| 20:49 | Crear | Villager (Male) |
| 20:54 | Construir | Farm |
| 20:58 | Crear | Villager (Male) |
| 21:01 | Construir | Farm |
| 21:09 | Construir | Farm |
| 21:10 | Crear | Villager (Male) |
| 21:11 | Crear | Villager (Male) |
| 21:12 | Crear | Villager (Male) |
| 21:18 | Construir | Farm |
| 21:21 | Construir | Castle |
| 21:29 | Construir | Castle |
| 21:31 | Crear | Villager (Male) |
| 21:32 | Crear | Villager (Male) |
| 21:38 | Construir | Castle |
| 21:40 | Crear | Villager (Male) |
| 21:41 | Crear | Villager (Male) |
| 21:45 | Construir | Farm |
| 21:45 | Construir | Farm |
| 21:45 | Construir | Farm |
| 21:48 | Crear | Villager (Male) |
| 21:54 | Crear | Villager (Male) |
| 21:59 | Construir | Farm |
| 22:01 | Crear | Villager (Male) |
| 22:02 | Crear | Villager (Male) |
| 22:09 | Construir | Farm |
| 22:09 | Construir | Farm |
| 22:11 | Crear | Villager (Male) |
| 22:12 | Crear | Villager (Male) |
| 22:15 | Construir | Farm |
| 22:17 | Crear | Villager (Male) |
| 22:18 | Crear | Villager (Male) |
| 22:19 | Crear | Villager (Male) |
| 22:32 | Investigar | Loom |
| 22:35 | Crear | Villager (Male) |
| 22:36 | Crear | Villager (Male) |
| 22:43 | Construir | Farm |
| 22:46 | Construir | Farm |
| 22:46 | Construir | Farm |
| 22:47 | Construir | Farm |
| 22:48 | Crear | Villager (Male) |
| 22:48 | Crear | Villager (Male) |
| 23:00 | Construir | Farm |
| 23:01 | Crear | Villager (Male) |
| 23:01 | Crear | Villager (Male) |
| 23:03 | Crear | Villager (Male) |
| 23:09 | Construir | Farm |
| 23:13 | Crear | Villager (Male) |
Build order — Lord_Ermack
Primeras 150 de 353 acciones detectadas
| 0:04 | Crear | Villager (Male) |
| 0:04 | Crear | Villager (Male) |
| 0:04 | Crear | Villager (Male) |
| 0:05 | Crear | Villager (Male) |
| 0:06 | Construir | House |
| 0:08 | Construir | House |
| 1:36 | Crear | Villager (Male) |
| 1:49 | Construir | Lumber Camp |
| 2:04 | Crear | Villager (Male) |
| 2:22 | Crear | Villager (Male) |
| 2:22 | Crear | Villager (Male) |
| 2:51 | Crear | Villager (Male) |
| 2:51 | Crear | Villager (Male) |
| 3:09 | Crear | Villager (Male) |
| 3:10 | Crear | Villager (Male) |
| 3:38 | Crear | Villager (Male) |
| 4:00 | Construir | House |
| 4:02 | Construir | House |
| 4:08 | Crear | Villager (Male) |
| 4:08 | Crear | Villager (Male) |
| 4:35 | Crear | Villager (Male) |
| 4:39 | Crear | Villager (Male) |
| 4:39 | Crear | Villager (Male) |
| 4:57 | Construir | House |
| 5:24 | Crear | Villager (Male) |
| 5:24 | Crear | Villager (Male) |
| 5:30 | Construir | Mill |
| 5:48 | Crear | Villager (Male) |
| 5:52 | Crear | Villager (Male) |
| 6:26 | Crear | Villager (Male) |
| 6:27 | Crear | Villager (Male) |
| 7:14 | Construir | Mining Camp |
| 7:17 | Crear | Villager (Male) |
| 7:24 | Crear | Villager (Male) |
| 7:37 | Crear | Villager (Male) |
| 8:37 | Investigar | Feudal Age |
| 10:07 | Investigar | Loom |
| 10:59 | Edad | Edad Feudal |
| 11:06 | Construir | Market |
| 11:09 | Construir | Blacksmith |
| 11:19 | Construir | Watch Tower |
| 11:25 | Construir | Watch Tower |
| 11:41 | Construir | Stone Wall |
| 12:28 | Construir | Stone Wall |
| 12:32 | Construir | Stone Wall |
| 12:54 | Construir | Stone Wall |
| 13:18 | Investigar | Castle Age |
| 13:22 | Construir | Mining Camp |
| 13:48 | Construir | Stone Wall |
| 14:29 | Construir | Stone Wall |
| 14:31 | Construir | Stone Wall |
| 14:49 | Construir | Stone Wall |
| 15:58 | Edad | Edad de los Castillos |
| 16:00 | Construir | Siege Workshop |
| 16:04 | Construir | Siege Workshop |
| 16:10 | Crear | Villager (Male) |
| 16:10 | Crear | Villager (Male) |
| 16:33 | Construir | Stone Wall |
| 16:35 | Crear | Mangonel |
| 16:35 | Crear | Mangonel |
| 16:38 | Crear | Villager (Male) |
| 16:41 | Construir | Farm |
| 17:50 | Crear | Villager (Male) |
| 17:51 | Crear | Villager (Male) |
| 17:53 | Crear | Mangonel |
| 18:12 | Construir | Farm |
| 18:13 | Construir | Farm |
| 18:14 | Construir | Farm |
| 18:15 | Construir | Farm |
| 18:19 | Construir | House |
| 18:20 | Construir | House |
| 19:11 | Crear | Villager (Male) |
| 19:47 | Construir | Town Center |
| 19:49 | Crear | Villager (Male) |
| 19:57 | Construir | Farm |
| 19:58 | Construir | Farm |
| 20:34 | Crear | Villager (Male) |
| 20:41 | Construir | Farm |
| 20:42 | Construir | Farm |
| 20:43 | Construir | Farm |
| 20:51 | Construir | Stone Wall |
| 20:56 | Crear | Villager (Male) |
| 21:26 | Construir | Farm |
| 21:27 | Construir | Farm |
| 21:28 | Construir | Farm |
| 21:29 | Construir | Farm |
| 22:01 | Crear | Villager (Male) |
| 22:02 | Crear | Villager (Male) |
| 22:12 | Construir | Farm |
| 22:12 | Construir | Farm |
| 22:13 | Crear | Villager (Male) |
| 22:52 | Crear | Villager (Male) |
| 22:52 | Crear | Villager (Male) |
| 22:54 | Crear | Villager (Male) |
| 22:55 | Crear | Villager (Male) |
| 23:15 | Crear | Villager (Male) |
| 23:16 | Crear | Villager (Male) |
| 23:27 | Construir | Stone Wall |
| 23:30 | Crear | Villager (Male) |
| 23:32 | Crear | Villager (Male) |
| 23:54 | Construir | House |
| 23:57 | Construir | House |
| 24:13 | Crear | Mangonel |
| 24:24 | Crear | Mangonel |
| 24:30 | Construir | House |
| 24:31 | Construir | House |
| 24:31 | Construir | House |
| 24:50 | Construir | Stone Wall |
| 25:02 | Construir | House |
| 25:03 | Construir | House |
| 25:04 | Construir | House |
| 25:05 | Construir | House |
| 25:23 | Crear | Battering Ram |
| 25:33 | Investigar | Horse Collar |
| 25:33 | Investigar | Horse Collar |
| 25:49 | Crear | Villager (Male) |
| 25:49 | Crear | Villager (Male) |
| 26:02 | Construir | House |
| 26:10 | Crear | Battering Ram |
| 26:18 | Crear | Villager (Male) |
| 26:18 | Crear | Villager (Male) |
| 26:19 | Crear | Villager (Male) |
| 26:20 | Crear | Villager (Male) |
| 26:30 | Investigar | Wheelbarrow |
| 26:39 | Crear | Battering Ram |
| 26:59 | Crear | Villager (Male) |
| 27:02 | Crear | Villager (Male) |
| 27:14 | Construir | Farm |
| 27:15 | Construir | Farm |
| 27:20 | Construir | Farm |
| 27:32 | Crear | Battering Ram |
| 28:11 | Crear | Villager (Male) |
| 28:12 | Crear | Villager (Male) |
| 28:13 | Crear | Villager (Male) |
| 28:14 | Crear | Villager (Male) |
| 28:21 | Crear | Battering Ram |
| 28:32 | Investigar | Hand Cart |
| 28:36 | Investigar | Hand Cart |
| 28:52 | Construir | Farm |
| 28:53 | Construir | Farm |
| 28:55 | Construir | Farm |
| 29:18 | Crear | Villager (Male) |
| 29:19 | Crear | Villager (Male) |
| 29:20 | Crear | Villager (Male) |
| 29:21 | Crear | Villager (Male) |
| 29:24 | Crear | Battering Ram |
| 29:31 | Construir | House |
| 29:34 | Construir | House |
| 29:49 | Construir | Farm |
| 30:09 | Construir | Farm |
Build order — Matasariano9065
Primeras 150 de 411 acciones detectadas
| 0:01 | Crear | Villager (Male) |
| 0:02 | Crear | Villager (Male) |
| 0:04 | Construir | House |
| 0:06 | Construir | House |
| 0:16 | Crear | Villager (Male) |
| 0:16 | Crear | Villager (Male) |
| 1:43 | Crear | Villager (Male) |
| 1:43 | Crear | Villager (Male) |
| 1:55 | Crear | Villager (Male) |
| 1:55 | Crear | Villager (Male) |
| 2:12 | Construir | Lumber Camp |
| 2:34 | Crear | Villager (Male) |
| 2:35 | Crear | Villager (Male) |
| 2:41 | Construir | House |
| 2:48 | Crear | Villager (Male) |
| 2:48 | Crear | Villager (Male) |
| 3:09 | Crear | Villager (Male) |
| 3:09 | Crear | Villager (Male) |
| 3:19 | Crear | Villager (Male) |
| 3:42 | Crear | Villager (Male) |
| 4:36 | Crear | Villager (Male) |
| 4:38 | Crear | Villager (Male) |
| 4:38 | Crear | Villager (Male) |
| 4:52 | Crear | Villager (Male) |
| 4:52 | Crear | Villager (Male) |
| 4:59 | Construir | Mining Camp |
| 5:20 | Crear | Villager (Male) |
| 6:09 | Investigar | Feudal Age |
| 6:57 | Investigar | Loom |
| 7:00 | Construir | House |
| 7:04 | Crear | Villager (Male) |
| 7:35 | Crear | Villager (Male) |
| 8:29 | Edad | Edad Feudal |
| 8:32 | Construir | Watch Tower |
| 8:44 | Investigar | Double-Bit Axe |
| 8:44 | Crear | Villager (Male) |
| 9:22 | Crear | Villager (Male) |
| 9:47 | Construir | Watch Tower |
| 9:54 | Crear | Villager (Male) |
| 10:03 | Construir | House |
| 10:05 | Crear | Villager (Male) |
| 10:45 | Construir | Watch Tower |
| 10:54 | Construir | Blacksmith |
| 10:58 | Crear | Villager (Male) |
| 11:08 | Construir | House |
| 11:42 | Investigar | Fletching |
| 11:42 | Crear | Villager (Male) |
| 11:59 | Construir | Watch Tower |
| 12:17 | Crear | Villager (Male) |
| 12:17 | Crear | Villager (Male) |
| 12:20 | Construir | Mill |
| 13:35 | Crear | Villager (Male) |
| 13:36 | Crear | Villager (Male) |
| 14:07 | Construir | Watch Tower |
| 14:14 | Crear | Villager (Male) |
| 14:14 | Crear | Villager (Male) |
| 14:42 | Investigar | Horse Collar |
| 14:43 | Crear | Villager (Male) |
| 15:18 | Crear | Villager (Male) |
| 15:23 | Construir | House |
| 15:27 | Investigar | Town Watch |
| 15:29 | Construir | House |
| 15:32 | Crear | Villager (Male) |
| 16:03 | Crear | Villager (Male) |
| 16:20 | Construir | Farm |
| 16:23 | Construir | Farm |
| 16:23 | Crear | Villager (Male) |
| 16:43 | Crear | Villager (Male) |
| 17:01 | Construir | Farm |
| 17:01 | Construir | Farm |
| 17:01 | Construir | Farm |
| 17:03 | Construir | Farm |
| 17:04 | Crear | Villager (Male) |
| 17:53 | Crear | Villager (Male) |
| 19:01 | Construir | Farm |
| 19:01 | Construir | Farm |
| 19:01 | Construir | Farm |
| 19:01 | Construir | Farm |
| 19:01 | Construir | Farm |
| 19:02 | Construir | Farm |
| 19:02 | Crear | Villager (Male) |
| 19:22 | Construir | House |
| 19:26 | Crear | Villager (Male) |
| 19:36 | Construir | Mining Camp |
| 19:37 | Crear | Villager (Male) |
| 19:39 | Crear | Villager (Male) |
| 19:47 | Crear | Villager (Male) |
| 20:15 | Construir | Farm |
| 20:16 | Construir | Farm |
| 20:17 | Construir | Farm |
| 20:20 | Crear | Villager (Male) |
| 20:29 | Construir | Outpost |
| 20:32 | Crear | Villager (Male) |
| 20:40 | Crear | Villager (Male) |
| 20:45 | Construir | Farm |
| 20:48 | Construir | Farm |
| 20:53 | Crear | Villager (Male) |
| 21:06 | Construir | House |
| 21:07 | Construir | House |
| 21:08 | Construir | House |
| 21:09 | Crear | Villager (Male) |
| 21:23 | Construir | Market |
| 21:25 | Construir | House |
| 21:25 | Crear | Villager (Male) |
| 21:52 | Crear | Villager (Male) |
| 22:27 | Construir | Palisade Gate |
| 23:17 | Investigar | Castle Age |
| 23:17 | Investigar | Castle Age |
| 23:22 | Construir | House |
| 23:23 | Construir | House |
| 23:25 | Construir | House |
| 23:51 | Construir | Watch Tower |
| 23:57 | Construir | Lumber Camp |
| 24:03 | Construir | Watch Tower |
| 24:20 | Construir | Gate |
| 24:24 | Construir | House |
| 24:25 | Construir | House |
| 24:30 | Construir | Stone Wall |
| 24:32 | Crear | Villager (Male) |
| 24:50 | Crear | Villager (Male) |
| 25:57 | Edad | Edad de los Castillos |
| 26:00 | Construir | Castle |
| 26:39 | Investigar | Bodkin Arrow |
| 26:49 | Construir | Stone Wall |
| 27:18 | Construir | Stone Wall |
| 27:27 | Construir | Siege Workshop |
| 27:33 | Crear | Villager (Male) |
| 27:37 | Construir | Farm |
| 27:46 | Crear | Mangonel |
| 27:47 | Crear | Mangonel |
| 27:58 | Construir | Farm |
| 28:04 | Construir | Farm |
| 28:05 | Construir | Farm |
| 28:23 | Construir | Siege Workshop |
| 28:26 | Investigar | Heavy Plow |
| 28:39 | Construir | Stone Wall |
| 28:51 | Construir | Farm |
| 28:55 | Crear | Mangonel |
| 29:10 | Crear | Mangonel |
| 29:10 | Crear | Mangonel |
| 29:26 | Crear | Villager (Male) |
| 29:26 | Crear | Villager (Male) |
| 29:27 | Crear | Villager (Male) |
| 30:00 | Construir | Castle |
| 30:16 | Construir | Farm |
| 30:17 | Crear | Villager (Male) |
| 30:20 | Crear | Villager (Male) |
| 30:50 | Construir | University |
| 30:51 | Crear | Villager (Male) |
| 31:10 | Construir | Lumber Camp |
Build order — SlopMasta
Primeras 150 de 479 acciones detectadas
| 0:01 | Crear | Villager (Male) |
| 0:03 | Construir | House |
| 0:05 | Construir | House |
| 0:06 | Crear | Villager (Male) |
| 0:06 | Crear | Villager (Male) |
| 0:16 | Crear | Villager (Male) |
| 0:16 | Crear | Villager (Male) |
| 1:25 | Construir | Mill |
| 1:43 | Crear | Villager (Male) |
| 2:02 | Crear | Villager (Male) |
| 2:23 | Crear | Villager (Male) |
| 2:52 | Crear | Villager (Male) |
| 3:08 | Crear | Villager (Male) |
| 3:18 | Crear | Villager (Male) |
| 3:26 | Construir | House |
| 4:07 | Crear | Villager (Male) |
| 4:15 | Crear | Villager (Male) |
| 4:41 | Crear | Villager (Male) |
| 4:51 | Crear | Villager (Male) |
| 5:15 | Crear | Villager (Male) |
| 5:28 | Crear | Villager (Male) |
| 5:44 | Crear | Villager (Male) |
| 6:03 | Construir | Lumber Camp |
| 6:22 | Crear | Villager (Male) |
| 6:46 | Investigar | Loom |
| 7:09 | Investigar | Feudal Age |
| 7:59 | Construir | Mining Camp |
| 8:22 | Crear | Villager (Male) |
| 9:19 | Edad | Edad Feudal |
| 9:22 | Construir | Watch Tower |
| 9:28 | Investigar | Wheelbarrow |
| 9:33 | Construir | House |
| 9:38 | Investigar | Double-Bit Axe |
| 9:48 | Construir | Palisade Wall |
| 9:51 | Construir | Palisade Wall |
| 9:52 | Construir | Palisade Wall |
| 9:56 | Construir | Palisade Wall |
| 10:02 | Crear | Villager (Male) |
| 10:20 | Construir | Blacksmith |
| 10:26 | Crear | Villager (Male) |
| 10:53 | Crear | Villager (Male) |
| 11:05 | Crear | Villager (Male) |
| 11:24 | Construir | Watch Tower |
| 11:26 | Investigar | Fletching |
| 11:33 | Crear | Villager (Male) |
| 11:39 | Crear | Villager (Male) |
| 11:52 | Construir | Mining Camp |
| 11:53 | Crear | Villager (Male) |
| 12:12 | Crear | Villager (Male) |
| 12:18 | Construir | Farm |
| 12:23 | Construir | House |
| 12:44 | Construir | Watch Tower |
| 13:22 | Crear | Villager (Male) |
| 13:38 | Crear | Villager (Male) |
| 13:55 | Crear | Villager (Male) |
| 13:59 | Construir | Farm |
| 14:00 | Crear | Villager (Male) |
| 14:07 | Construir | Farm |
| 14:09 | Construir | Farm |
| 14:33 | Construir | Farm |
| 14:34 | Crear | Villager (Male) |
| 14:39 | Construir | House |
| 14:58 | Construir | Farm |
| 14:59 | Crear | Villager (Male) |
| 15:25 | Construir | House |
| 15:49 | Construir | Barracks |
| 15:50 | Crear | Villager (Male) |
| 16:14 | Crear | Villager (Male) |
| 16:19 | Construir | Farm |
| 16:41 | Crear | Villager (Male) |
| 16:59 | Crear | Villager (Male) |
| 17:05 | Construir | House |
| 17:13 | Construir | Farm |
| 17:17 | Construir | Lumber Camp |
| 17:37 | Construir | House |
| 17:39 | Crear | Villager (Male) |
| 18:47 | Crear | Villager (Male) |
| 19:09 | Construir | Farm |
| 19:10 | Construir | Mill |
| 19:11 | Construir | Farm |
| 19:11 | Construir | Farm |
| 19:13 | Construir | Farm |
| 19:14 | Construir | Farm |
| 19:15 | Crear | Villager (Male) |
| 19:19 | Construir | Farm |
| 19:21 | Construir | House |
| 19:27 | Construir | Mill |
| 19:35 | Construir | House |
| 19:42 | Construir | Archery Range |
| 19:47 | Crear | Villager (Male) |
| 20:06 | Crear | Villager (Male) |
| 20:16 | Construir | Market |
| 20:18 | Construir | Farm |
| 20:21 | Construir | Farm |
| 20:23 | Construir | Farm |
| 20:24 | Crear | Villager (Male) |
| 20:37 | Crear | Villager (Male) |
| 20:51 | Construir | Farm |
| 20:54 | Construir | Farm |
| 20:59 | Crear | Villager (Male) |
| 21:14 | Investigar | Gold Mining |
| 21:28 | Crear | Villager (Male) |
| 21:38 | Crear | Archer |
| 22:05 | Construir | Farm |
| 22:14 | Crear | Archer |
| 22:22 | Investigar | Castle Age |
| 22:36 | Crear | Spearman |
| 22:41 | Investigar | Stone Mining |
| 22:43 | Crear | Spearman |
| 22:46 | Crear | Archer |
| 23:18 | Crear | Archer |
| 23:38 | Crear | Archer |
| 23:56 | Crear | Archer |
| 24:03 | Crear | Villager (Male) |
| 24:06 | Crear | Archer |
| 24:28 | Crear | Villager (Male) |
| 24:35 | Crear | Archer |
| 24:46 | Construir | Archery Range |
| 24:47 | Construir | House |
| 24:48 | Construir | House |
| 24:50 | Construir | House |
| 25:02 | Edad | Edad de los Castillos |
| 25:07 | Investigar | Crossbowman (upgrade) |
| 25:10 | Investigar | Horse Collar |
| 25:11 | Investigar | Bow Saw |
| 25:16 | Investigar | Stone Shaft Mining |
| 25:28 | Construir | Town Center |
| 25:29 | Crear | Villager (Male) |
| 25:33 | Crear | Villager (Male) |
| 25:45 | Investigar | Hand Cart |
| 25:50 | Investigar | Bodkin Arrow |
| 25:52 | Crear | Archer |
| 25:53 | Crear | Archer |
| 25:58 | Construir | House |
| 25:59 | Construir | House |
| 26:33 | Crear | Villager (Male) |
| 26:39 | Construir | University |
| 26:42 | Crear | Archer |
| 27:11 | Crear | Villager (Male) |
| 27:12 | Investigar | Town Watch |
| 27:20 | Construir | Castle |
| 27:37 | Crear | Villager (Male) |
| 27:40 | Construir | Mining Camp |
| 27:47 | Crear | Villager (Male) |
| 27:48 | Crear | Villager (Male) |
| 27:48 | Crear | Villager (Male) |
| 27:49 | Crear | Villager (Male) |
| 28:10 | Construir | Siege Workshop |
| 28:22 | Construir | Mining Camp |
| 28:52 | Investigar | Imperial Age |
Build order — PSX | King
Primeras 150 de 442 acciones detectadas
| 0:01 | Crear | Villager (Male) |
| 0:01 | Crear | Villager (Male) |
| 0:01 | Crear | Villager (Male) |
| 0:03 | Construir | House |
| 0:04 | Construir | House |
| 0:25 | Crear | Villager (Male) |
| 1:26 | Crear | Villager (Male) |
| 1:26 | Crear | Villager (Male) |
| 1:26 | Crear | Villager (Male) |
| 1:54 | Construir | Lumber Camp |
| 1:57 | Crear | Villager (Male) |
| 1:57 | Crear | Villager (Male) |
| 2:28 | Crear | Villager (Male) |
| 2:28 | Crear | Villager (Male) |
| 2:41 | Crear | Villager (Male) |
| 2:42 | Crear | Villager (Male) |
| 3:17 | Crear | Villager (Male) |
| 3:17 | Crear | Villager (Male) |
| 3:21 | Construir | House |
| 3:32 | Crear | Villager (Male) |
| 3:32 | Crear | Villager (Male) |
| 3:45 | Crear | Villager (Male) |
| 4:16 | Construir | Mill |
| 4:25 | Crear | Villager (Male) |
| 4:42 | Crear | Villager (Male) |
| 4:43 | Crear | Villager (Male) |
| 5:11 | Crear | Villager (Male) |
| 5:41 | Crear | Villager (Male) |
| 5:54 | Crear | Villager (Male) |
| 5:57 | Investigar | Loom |
| 7:07 | Investigar | Feudal Age |
| 7:07 | Investigar | Feudal Age |
| 7:38 | Construir | Mining Camp |
| 7:45 | Construir | House |
| 7:57 | Crear | Villager (Male) |
| 8:20 | Construir | House |
| 9:18 | Edad | Edad Feudal |
| 9:20 | Construir | Blacksmith |
| 9:24 | Construir | Watch Tower |
| 9:24 | Investigar | Double-Bit Axe |
| 9:25 | Crear | Villager (Male) |
| 9:41 | Crear | Villager (Male) |
| 10:04 | Investigar | Fletching |
| 10:05 | Investigar | Fletching |
| 10:11 | Crear | Villager (Male) |
| 10:26 | Crear | Villager (Male) |
| 10:49 | Construir | House |
| 10:50 | Construir | House |
| 11:01 | Construir | Farm |
| 11:05 | Crear | Villager (Male) |
| 11:21 | Construir | House |
| 11:28 | Crear | Villager (Male) |
| 11:38 | Construir | Watch Tower |
| 11:42 | Crear | Villager (Male) |
| 11:54 | Crear | Villager (Male) |
| 11:57 | Construir | Farm |
| 12:00 | Construir | Farm |
| 12:18 | Construir | Watch Tower |
| 12:28 | Construir | Watch Tower |
| 12:34 | Crear | Villager (Male) |
| 13:20 | Construir | Watch Tower |
| 13:23 | Crear | Villager (Male) |
| 13:39 | Crear | Villager (Male) |
| 13:43 | Construir | Farm |
| 13:44 | Construir | Farm |
| 13:49 | Construir | Farm |
| 13:56 | Construir | Palisade Wall |
| 14:00 | Crear | Villager (Male) |
| 14:08 | Crear | Villager (Male) |
| 14:23 | Crear | Villager (Male) |
| 14:42 | Crear | Villager (Male) |
| 14:48 | Construir | Farm |
| 14:49 | Construir | Farm |
| 14:52 | Construir | House |
| 15:13 | Construir | Watch Tower |
| 15:20 | Crear | Villager (Male) |
| 15:24 | Construir | Farm |
| 15:50 | Construir | Farm |
| 16:11 | Crear | Villager (Male) |
| 16:15 | Construir | Farm |
| 16:26 | Crear | Villager (Male) |
| 16:39 | Construir | Farm |
| 17:13 | Crear | Villager (Male) |
| 17:27 | Crear | Villager (Male) |
| 18:09 | Construir | Market |
| 19:04 | Investigar | Castle Age |
| 19:04 | Investigar | Castle Age |
| 19:37 | Construir | Watch Tower |
| 19:49 | Construir | Mining Camp |
| 19:55 | Construir | Lumber Camp |
| 20:46 | Investigar | Horse Collar |
| 20:46 | Investigar | Gold Mining |
| 20:55 | Construir | Watch Tower |
| 21:44 | Edad | Edad de los Castillos |
| 21:46 | Investigar | Bodkin Arrow |
| 21:47 | Investigar | Bow Saw |
| 21:47 | Investigar | Bow Saw |
| 22:38 | Construir | Watch Tower |
| 23:01 | Crear | Villager (Male) |
| 23:05 | Construir | Watch Tower |
| 23:13 | Construir | University |
| 23:25 | Crear | Villager (Male) |
| 23:40 | Construir | Mining Camp |
| 23:47 | Construir | Castle |
| 24:35 | Construir | House |
| 24:36 | Crear | Villager (Male) |
| 24:43 | Investigar | Ballistics |
| 24:43 | Investigar | Ballistics |
| 25:05 | Crear | Villager (Male) |
| 25:06 | Crear | Villager (Male) |
| 25:21 | Investigar | Gold Shaft Mining |
| 25:21 | Investigar | Heavy Plow |
| 25:21 | Investigar | Heavy Plow |
| 25:37 | Construir | Mining Camp |
| 25:39 | Crear | Petard |
| 25:39 | Crear | Petard |
| 25:39 | Crear | Petard |
| 25:47 | Crear | Villager (Male) |
| 26:19 | Crear | Petard |
| 26:19 | Crear | Petard |
| 26:26 | Construir | Farm |
| 26:26 | Construir | Farm |
| 26:29 | Construir | Farm |
| 26:32 | Construir | Farm |
| 26:33 | Construir | Farm |
| 26:38 | Crear | Villager (Male) |
| 26:54 | Construir | Stone Wall |
| 27:11 | Crear | Petard |
| 27:12 | Crear | Petard |
| 27:21 | Construir | Farm |
| 27:22 | Construir | Farm |
| 27:22 | Construir | Farm |
| 27:22 | Construir | Farm |
| 27:30 | Crear | Petard |
| 27:30 | Crear | Petard |
| 27:40 | Crear | Petard |
| 27:40 | Crear | Petard |
| 27:53 | Crear | Villager (Male) |
| 27:53 | Crear | Villager (Male) |
| 27:53 | Crear | Villager (Male) |
| 28:00 | Construir | Mining Camp |
| 28:38 | Investigar | Eupseong |
| 28:38 | Crear | Villager (Male) |
| 28:39 | Crear | Villager (Male) |
| 28:39 | Crear | Villager (Male) |
| 29:04 | Crear | Villager (Male) |
| 29:05 | Crear | Villager (Male) |
| 29:08 | Construir | Farm |
| 29:08 | Construir | Farm |
| 29:14 | Crear | Petard |
Build order — Mr. Curse
Primeras 150 de 381 acciones detectadas
| 0:02 | Crear | Villager (Male) |
| 0:03 | Crear | Villager (Male) |
| 0:08 | Construir | House |
| 0:13 | Construir | House |
| 0:23 | Crear | Villager (Male) |
| 0:23 | Crear | Villager (Male) |
| 0:24 | Crear | Villager (Male) |
| 0:24 | Crear | Villager (Male) |
| 0:43 | Construir | House |
| 0:44 | Construir | House |
| 0:46 | Construir | House |
| 1:37 | Crear | Villager (Male) |
| 2:01 | Construir | Lumber Camp |
| 2:12 | Crear | Villager (Male) |
| 2:12 | Crear | Villager (Male) |
| 2:36 | Crear | Villager (Male) |
| 2:37 | Crear | Villager (Male) |
| 2:59 | Crear | Villager (Male) |
| 2:59 | Crear | Villager (Male) |
| 3:20 | Crear | Villager (Male) |
| 3:20 | Crear | Villager (Male) |
| 3:44 | Crear | Villager (Male) |
| 3:44 | Crear | Villager (Male) |
| 4:15 | Crear | Villager (Male) |
| 4:15 | Crear | Villager (Male) |
| 4:41 | Crear | Villager (Male) |
| 4:41 | Crear | Villager (Male) |
| 4:42 | Crear | Villager (Male) |
| 4:54 | Construir | Mill |
| 5:22 | Crear | Villager (Male) |
| 5:22 | Crear | Villager (Male) |
| 5:22 | Crear | Villager (Male) |
| 5:45 | Construir | House |
| 6:09 | Crear | Villager (Male) |
| 6:09 | Crear | Villager (Male) |
| 6:28 | Crear | Villager (Male) |
| 6:36 | Crear | Villager (Male) |
| 7:07 | Construir | Mining Camp |
| 7:26 | Construir | Lumber Camp |
| 7:31 | Crear | Villager (Male) |
| 8:49 | Crear | Villager (Male) |
| 9:30 | Investigar | Feudal Age |
| 9:31 | Investigar | Feudal Age |
| 10:40 | Crear | Villager (Male) |
| 10:40 | Crear | Villager (Male) |
| 10:54 | Construir | Farm |
| 10:56 | Construir | Farm |
| 11:06 | Crear | Villager (Male) |
| 11:18 | Construir | House |
| 11:32 | Construir | Farm |
| 11:40 | Edad | Edad Feudal |
| 11:42 | Construir | Blacksmith |
| 11:46 | Construir | Market |
| 12:05 | Investigar | Double-Bit Axe |
| 12:12 | Construir | Farm |
| 12:33 | Construir | Farm |
| 12:55 | Investigar | Castle Age |
| 12:55 | Investigar | Castle Age |
| 13:03 | Construir | Mining Camp |
| 13:10 | Investigar | Horse Collar |
| 13:11 | Investigar | Horse Collar |
| 13:14 | Construir | Farm |
| 13:17 | Construir | Farm |
| 13:20 | Construir | Farm |
| 13:23 | Construir | House |
| 13:29 | Construir | Barracks |
| 13:35 | Construir | Farm |
| 13:55 | Investigar | Stone Mining |
| 13:55 | Investigar | Stone Mining |
| 15:00 | Crear | Villager (Male) |
| 15:00 | Crear | Villager (Male) |
| 15:09 | Investigar | Fletching |
| 15:25 | Construir | Mining Camp |
| 15:34 | Investigar | Wheelbarrow |
| 15:35 | Edad | Edad de los Castillos |
| 15:52 | Investigar | Loom |
| 15:57 | Crear | Villager (Male) |
| 15:58 | Crear | Villager (Male) |
| 17:02 | Crear | Villager (Male) |
| 17:10 | Investigar | Heavy Plow |
| 17:17 | Crear | Villager (Male) |
| 17:26 | Construir | Castle |
| 18:34 | Crear | Villager (Male) |
| 18:34 | Crear | Villager (Male) |
| 18:43 | Construir | Town Center |
| 18:48 | Construir | Farm |
| 18:49 | Construir | Farm |
| 18:56 | Crear | Villager (Male) |
| 19:05 | Investigar | Bow Saw |
| 19:06 | Investigar | Bow Saw |
| 19:13 | Construir | Mining Camp |
| 19:26 | Construir | Stone Wall |
| 19:40 | Crear | Villager (Male) ×3 |
| 19:40 | Crear | Villager (Male) ×3 |
| 19:42 | Crear | Mangudai |
| 19:42 | Crear | Mangudai |
| 19:42 | Crear | Mangudai |
| 20:02 | Construir | Mining Camp |
| 20:03 | Crear | Villager (Male) |
| 20:04 | Crear | Villager (Male) |
| 20:13 | Crear | Villager (Male) |
| 20:13 | Crear | Villager (Male) |
| 20:23 | Crear | Villager (Male) |
| 20:29 | Construir | Farm |
| 20:43 | Construir | Farm |
| 20:44 | Crear | Mangudai |
| 20:44 | Crear | Mangudai |
| 20:52 | Crear | Villager (Male) |
| 21:01 | Construir | Farm |
| 21:06 | Crear | Villager (Male) ×2 |
| 21:06 | Crear | Villager (Male) ×2 |
| 21:27 | Investigar | Gold Mining |
| 21:27 | Investigar | Gold Mining |
| 21:33 | Crear | Mangudai |
| 21:33 | Crear | Mangudai |
| 21:33 | Crear | Mangudai |
| 21:37 | Crear | Villager (Male) |
| 21:37 | Crear | Villager (Male) |
| 21:48 | Construir | Farm |
| 21:49 | Construir | Farm |
| 21:55 | Crear | Villager (Male) |
| 21:56 | Crear | Villager (Male) |
| 22:03 | Crear | Villager (Male) |
| 22:04 | Crear | Villager (Male) |
| 22:11 | Crear | Mangudai |
| 22:12 | Crear | Mangudai |
| 22:12 | Crear | Mangudai |
| 22:15 | Crear | Villager (Male) |
| 22:16 | Crear | Villager (Male) |
| 22:34 | Construir | Stable |
| 22:37 | Crear | Villager (Male) ×2 |
| 22:38 | Crear | Villager (Male) |
| 22:45 | Construir | Farm |
| 22:49 | Construir | Farm |
| 22:51 | Construir | Farm |
| 22:59 | Construir | Farm |
| 23:01 | Crear | Villager (Male) ×3 |
| 23:02 | Crear | Villager (Male) ×3 |
| 23:09 | Construir | Farm |
| 23:19 | Crear | Mangudai |
| 23:20 | Crear | Mangudai |
| 23:22 | Crear | Villager (Male) ×2 |
| 23:23 | Crear | Villager (Male) ×2 |
| 23:31 | Construir | House |
| 23:32 | Construir | House |
| 23:50 | Construir | Farm |
| 23:58 | Crear | Villager (Male) |
| 24:03 | Construir | Farm |
| 24:04 | Construir | Farm |
| 24:05 | Construir | Farm |
Cronología de la partida
| 8:29 | Matasariano9065 · age_up feudal |
| 9:18 | PSX | King · age_up feudal |
| 9:19 | SlopMasta · age_up feudal |
| 9:48 | SlopMasta · wall_segment Palisade Wall x1 |
| 9:51 | SlopMasta · wall_segment Palisade Wall x1 |
| 9:52 | SlopMasta · wall_segment Palisade Wall x1 |
| 9:56 | SlopMasta · wall_segment Palisade Wall x1 |
| 10:48 | CTM | Franco* · age_up feudal |
| 10:59 | Lord_Ermack · age_up feudal |
| 11:25 | commandokris · age_up feudal |
| 11:40 | Mr. Curse · age_up feudal |
| 11:41 | Lord_Ermack · wall_segment Stone Wall x5 |
| 12:28 | Lord_Ermack · wall_segment Stone Wall x5 |
| 12:32 | Lord_Ermack · wall_segment Stone Wall x1 |
| 12:38 | Lord_Ermack · first_market_sell 100 wood |
| 12:40 | Lord_Ermack · first_market_buy 100 food |
| 12:54 | Lord_Ermack · wall_segment Stone Wall x1 |
| 13:29 | Mr. Curse · first_building Barracks |
| 13:37 | CTM | Benja FC · age_up feudal |
| 13:48 | Lord_Ermack · wall_segment Stone Wall x2 |
| 13:56 | PSX | King · wall_segment Palisade Wall x1 |
| 14:29 | Lord_Ermack · wall_segment Stone Wall x1 |
| 14:31 | Lord_Ermack · wall_segment Stone Wall x1 |
| 14:44 | CTM | Benja FC · first_market_sell 100 stone |
| 14:49 | Lord_Ermack · wall_segment Stone Wall x1 |
| 15:20 | commandokris · age_up castle |
| 15:24 | commandokris · first_building Siege Workshop |
| 15:35 | Mr. Curse · age_up castle |
| 15:49 | SlopMasta · first_building Barracks |
| 15:58 | Lord_Ermack · age_up castle |
| 16:00 | Lord_Ermack · first_building Siege Workshop |
| 16:21 | CTM | Franco* · age_up castle |
| 16:25 | CTM | Franco* · first_building Monastery |
| 16:33 | Lord_Ermack · wall_segment Stone Wall x10 |
| 17:00 | commandokris · first_building Barracks |
| 17:26 | Mr. Curse · first_building Castle |
| 17:32 | CTM | Benja FC · age_up castle |
| 19:01 | PSX | King · first_market_sell 100 wood |
| 19:26 | Mr. Curse · wall_segment Stone Wall x1 |
| 19:42 | SlopMasta · first_building Archery Range |
| 19:49 | CTM | Franco* · first_market_buy 100 stone |
| 20:11 | commandokris · first_market_buy 100 stone |
| 20:51 | Lord_Ermack · wall_segment Stone Wall x1 |
| 21:21 | CTM | Benja FC · first_building Castle |
| 21:44 | PSX | King · age_up castle |
| 22:34 | Mr. Curse · first_building Stable |
| 22:56 | Matasariano9065 · first_market_sell 100 wood |
| 22:59 | Matasariano9065 · first_market_buy 100 food |
| 23:27 | Lord_Ermack · wall_segment Stone Wall x1 |
| 23:30 | PSX | King · first_market_buy 100 stone |
| 23:47 | PSX | King · first_building Castle |
| 24:30 | Matasariano9065 · wall_segment Stone Wall x1 |
| 24:50 | Lord_Ermack · wall_segment Stone Wall x1 |
| 24:59 | commandokris · first_market_sell 100 wood |
| 25:02 | SlopMasta · age_up castle |
| 25:57 | Matasariano9065 · age_up castle |
| 25:59 | commandokris · first_building Castle |
| 26:00 | Matasariano9065 · first_building Castle |
| 26:13 | commandokris · first_building Monastery |
| 26:27 | CTM | Franco* · first_building Barracks |
| 26:49 | commandokris · first_building Stable |
| 26:49 | Matasariano9065 · wall_segment Stone Wall x7 |
| 26:54 | PSX | King · wall_segment Stone Wall x11 |
| 27:18 | CTM | Benja FC · first_building Barracks |
| 27:18 | Matasariano9065 · wall_segment Stone Wall x4 |
| 27:20 | SlopMasta · first_building Castle |
| 27:27 | Matasariano9065 · first_building Siege Workshop |
| 27:51 | CTM | Benja FC · first_building Stable |
| 28:10 | SlopMasta · first_building Siege Workshop |
| 28:39 | Matasariano9065 · wall_segment Stone Wall x5 |
| 28:41 | SlopMasta · first_market_sell 100 food |
| 28:48 | PSX | King · tribute_sent a jugador 1 |
| 28:48 | PSX | King · tribute_sent a jugador 2 |
| 28:48 | PSX | King · tribute_sent a jugador 3 |
| 28:48 | PSX | King · tribute_sent a jugador 4 |
| 28:48 | PSX | King · tribute_sent a jugador 5 |
| 28:48 | PSX | King · tribute_sent a jugador 7 |
| 28:48 | PSX | King · tribute_sent a jugador 8 |
| 28:48 | CTM | Benja FC · tribute_sent a jugador 1 |
| 28:48 | CTM | Benja FC · tribute_sent a jugador 3 |
| 28:48 | CTM | Benja FC · tribute_sent a jugador 4 |
| 28:48 | CTM | Benja FC · tribute_sent a jugador 5 |
| 28:48 | CTM | Benja FC · tribute_sent a jugador 6 |
| 28:48 | CTM | Benja FC · tribute_sent a jugador 7 |
| 28:48 | CTM | Benja FC · tribute_sent a jugador 8 |
| 29:02 | Mr. Curse · first_building Archery Range |
| 29:34 | PSX | King · wall_segment Stone Wall x1 |
| 29:35 | CTM | Franco* · first_building Stable |
| 29:39 | PSX | King · wall_segment Stone Wall x10 |
| 29:58 | CTM | Franco* · first_building Castle |
| 29:59 | Mr. Curse · tribute_sent a jugador 1 |
| 29:59 | Mr. Curse · tribute_sent a jugador 2 |
| 29:59 | Mr. Curse · tribute_sent a jugador 3 |
| 29:59 | Mr. Curse · tribute_sent a jugador 4 |
| 29:59 | Mr. Curse · tribute_sent a jugador 5 |
| 29:59 | Mr. Curse · tribute_sent a jugador 6 |
| 29:59 | Mr. Curse · tribute_sent a jugador 8 |
| 30:04 | commandokris · age_up imperial |
| 30:18 | CTM | Benja FC · age_up imperial |
| 30:58 | PSX | King · wall_segment Stone Wall x7 |
| 31:01 | PSX | King · wall_segment Stone Wall x4 |
| 32:02 | Lord_Ermack · first_building Monastery |
| 32:12 | SlopMasta · age_up imperial |
| 32:30 | CTM | Franco* · age_up imperial |
| 32:36 | Mr. Curse · first_market_sell 100 food |
| 32:49 | PSX | King · wall_segment Stone Wall x5 |
| 32:55 | CTM | Benja FC · tribute_sent a jugador 1 |
| 32:55 | CTM | Benja FC · tribute_sent a jugador 3 |
| 32:55 | CTM | Benja FC · tribute_sent a jugador 4 |
| 32:55 | CTM | Benja FC · tribute_sent a jugador 5 |
| 32:55 | CTM | Benja FC · tribute_sent a jugador 6 |
| 32:55 | CTM | Benja FC · tribute_sent a jugador 7 |
| 32:55 | CTM | Benja FC · tribute_sent a jugador 8 |
| 33:51 | Lord_Ermack · first_building Barracks |
| 34:43 | SlopMasta · wall_segment Stone Wall x1 |
| 34:44 | SlopMasta · wall_segment Stone Wall x1 |
| 34:45 | SlopMasta · wall_segment Stone Wall x1 |
| 34:47 | SlopMasta · wall_segment Stone Wall x2 |
| 35:14 | SlopMasta · wall_segment Stone Wall x2 |
| 35:15 | SlopMasta · wall_segment Stone Wall x1 |
| 35:29 | SlopMasta · wall_segment Stone Wall x1 |
| 35:53 | PSX | King · first_building Barracks |
| 36:16 | SlopMasta · first_market_buy 100 stone |
| 36:42 | Lord_Ermack · age_up imperial |
| 36:44 | Lord_Ermack · wall_segment Stone Wall x3 |
| 36:57 | CTM | Franco* · tribute_sent a jugador 1 |
| 36:57 | CTM | Franco* · tribute_sent a jugador 2 |
| 36:57 | CTM | Franco* · tribute_sent a jugador 3 |
| 36:57 | CTM | Franco* · tribute_sent a jugador 4 |
| 36:57 | CTM | Franco* · tribute_sent a jugador 5 |
| 36:57 | CTM | Franco* · tribute_sent a jugador 6 |
| 36:57 | CTM | Franco* · tribute_sent a jugador 7 |
| 37:08 | Mr. Curse · first_market_buy 100 stone |
| 37:22 | PSX | King · first_building Siege Workshop |
| 38:42 | PSX | King · wall_segment Stone Wall x1 |
| 39:24 | PSX | King · age_up imperial |
| 40:13 | CTM | Benja FC · tribute_sent a jugador 1 |
| 40:13 | CTM | Benja FC · tribute_sent a jugador 3 |
| 40:13 | CTM | Benja FC · tribute_sent a jugador 4 |
| 40:13 | CTM | Benja FC · tribute_sent a jugador 5 |
| 40:13 | CTM | Benja FC · tribute_sent a jugador 6 |
| 40:13 | CTM | Benja FC · tribute_sent a jugador 7 |
| 40:13 | CTM | Benja FC · tribute_sent a jugador 8 |
| 40:27 | Matasariano9065 · first_building Barracks |
| 40:57 | CTM | Franco* · tribute_sent a jugador 1 |
| 40:57 | CTM | Franco* · tribute_sent a jugador 2 |
| 40:57 | CTM | Franco* · tribute_sent a jugador 3 |
| 40:57 | CTM | Franco* · tribute_sent a jugador 4 |
| 40:57 | CTM | Franco* · tribute_sent a jugador 5 |
| 40:57 | CTM | Franco* · tribute_sent a jugador 6 |
| 40:57 | CTM | Franco* · tribute_sent a jugador 7 |
| 41:00 | SlopMasta · tribute_sent a jugador 1 |
| 41:00 | SlopMasta · tribute_sent a jugador 2 |
| 41:00 | SlopMasta · tribute_sent a jugador 3 |
| 41:00 | SlopMasta · tribute_sent a jugador 4 |
| 41:00 | SlopMasta · tribute_sent a jugador 6 |
| 41:00 | SlopMasta · tribute_sent a jugador 7 |
| 41:00 | SlopMasta · tribute_sent a jugador 8 |
| 41:04 | CTM | Benja FC · first_building Monastery |
| 41:07 | Matasariano9065 · first_building Archery Range |
| 42:29 | CTM | Franco* · tribute_sent a jugador 1 |
| 42:29 | CTM | Franco* · tribute_sent a jugador 2 |
| 42:29 | CTM | Franco* · tribute_sent a jugador 3 |
| 42:29 | CTM | Franco* · tribute_sent a jugador 4 |
| 42:29 | CTM | Franco* · tribute_sent a jugador 5 |
| 42:29 | CTM | Franco* · tribute_sent a jugador 6 |
| 42:29 | CTM | Franco* · tribute_sent a jugador 7 |
| 42:38 | CTM | Benja FC · tribute_sent a jugador 1 |
| 42:38 | CTM | Benja FC · tribute_sent a jugador 3 |
| 42:38 | CTM | Benja FC · tribute_sent a jugador 4 |
| 42:38 | CTM | Benja FC · tribute_sent a jugador 5 |
| 42:38 | CTM | Benja FC · tribute_sent a jugador 6 |
| 42:38 | CTM | Benja FC · tribute_sent a jugador 7 |
| 42:38 | CTM | Benja FC · tribute_sent a jugador 8 |
| 42:50 | Lord_Ermack · wall_segment Stone Wall x3 |
| 42:54 | Lord_Ermack · wall_segment Stone Wall x3 |
| 42:54 | SlopMasta · first_building Monastery |
| 43:14 | Matasariano9065 · first_building Stable |
| 43:42 | Matasariano9065 · age_up imperial |
| 43:42 | Lord_Ermack · wall_segment Stone Wall x3 |
| 43:48 | Lord_Ermack · wall_segment Stone Wall x5 |
| 44:11 | Lord_Ermack · wall_segment Stone Wall x1 |
| 48:16 | CTM | Benja FC · tribute_sent a jugador 1 |
| 48:16 | CTM | Benja FC · tribute_sent a jugador 3 |
| 48:16 | CTM | Benja FC · tribute_sent a jugador 4 |
| 48:16 | CTM | Benja FC · tribute_sent a jugador 5 |
| 48:16 | CTM | Benja FC · tribute_sent a jugador 6 |
| 48:16 | CTM | Benja FC · tribute_sent a jugador 7 |
| 48:16 | CTM | Benja FC · tribute_sent a jugador 8 |
| 48:25 | CTM | Franco* · tribute_sent a jugador 1 |
| 48:25 | CTM | Franco* · tribute_sent a jugador 2 |
| 48:25 | CTM | Franco* · tribute_sent a jugador 3 |
| 48:25 | CTM | Franco* · tribute_sent a jugador 4 |
| 48:25 | CTM | Franco* · tribute_sent a jugador 5 |
| 48:25 | CTM | Franco* · tribute_sent a jugador 6 |
| 48:25 | CTM | Franco* · tribute_sent a jugador 7 |
| 50:09 | Lord_Ermack · resign |
| 51:15 | SlopMasta · wall_segment Stone Wall x2 |
| 51:19 | Matasariano9065 · wall_segment Palisade Wall x1 |
| 51:20 | SlopMasta · wall_segment Stone Wall x3 |
| 51:22 | Matasariano9065 · wall_segment Palisade Wall x4 |
| 51:27 | Matasariano9065 · wall_segment Palisade Wall x6 |
| 51:29 | Matasariano9065 · wall_segment Palisade Wall x5 |
| 51:36 | Matasariano9065 · wall_segment Palisade Wall x3 |
| 51:40 | Matasariano9065 · wall_segment Palisade Wall x4 |
| 51:45 | Matasariano9065 · wall_segment Palisade Wall x6 |
| 51:47 | Matasariano9065 · wall_segment Palisade Wall x4 |
| 58:56 | SlopMasta · wall_segment Palisade Wall x1 |
| 58:59 | SlopMasta · wall_segment Palisade Wall x5 |
| 59:03 | SlopMasta · wall_segment Palisade Wall x5 |
| 59:05 | SlopMasta · wall_segment Palisade Wall x5 |
| 59:11 | SlopMasta · wall_segment Palisade Wall x5 |
| 59:13 | SlopMasta · wall_segment Palisade Wall x3 |
| 59:16 | SlopMasta · wall_segment Palisade Wall x3 |
| 59:19 | SlopMasta · wall_segment Palisade Wall x4 |
| 59:28 | SlopMasta · wall_segment Palisade Wall x3 |
| 59:31 | SlopMasta · wall_segment Palisade Wall x3 |
| 59:32 | SlopMasta · wall_segment Palisade Wall x3 |
| 59:34 | SlopMasta · wall_segment Palisade Wall x4 |
| 59:37 | SlopMasta · wall_segment Palisade Wall x1 |
| 60:03 | SlopMasta · wall_segment Palisade Wall x4 |
| 60:06 | SlopMasta · wall_segment Palisade Wall x2 |
| 60:07 | SlopMasta · wall_segment Palisade Wall x1 |
| 60:07 | SlopMasta · wall_segment Palisade Wall x1 |
| 60:08 | SlopMasta · wall_segment Palisade Wall x1 |
| 60:10 | SlopMasta · wall_segment Palisade Wall x4 |
[ ANÁLISIS IA · 1 CRÉDITO ]
¿Qué pasó realmente en esta partida?
Wolo.gg analiza cada decisión: build order, eco, micro, errores típicos por bracket. Análisis personalizado por WhatsApp o Discord en 30 segundos.
Guía civ
Eslavos
Perfil
Jugador #1135896